 Dungeon Crawl Stone Soup version 0.26.1-10-gdfb7c7de75 (webtiles) character file.

Game seed: 15679117868079224691

291 phalm the Shield-Bearer (level 6, 0/38 HPs)
             Began as a Gargoyle Fighter on Apr 9, 2021.
             Slain by an orc priest
             ... wielding a cursed -1 hand axe
              (1 damage)
             ... on level 3 of the Dungeon.
             The game lasted 00:03:10 (2254 turns).

phalm the Shield-Bearer (Gargoyle Fighter)          Turns: 2254, Time: 00:03:10

Health: 0/38       AC: 13    Str: 22    XL:     6   Next: 32%
Magic:  6/6        EV:  7    Int:  8    God:
Gold:   86         SH: 10    Dex:  9    Spells: 5/5 levels left

rFire    . . .     SeeInvis .   a - +0 flail
rCold    . . .     Faith    .   c - +0 kite shield
rNeg     + . .     Spirit   .   b - +0 scale mail
rPois    ∞         Reflect  .   k - +0 helmet
rElec    +         Harm     .   (no cloak)
rCorr    .         Rampage  .   q - +0 pair of gloves
Will     .....                  (no boots)
Stlth    ..........             (no amulet)
HPRegen  0.12/turn              (no ring)
MPRegen  0.10/turn              (no ring)

@: no status effects
A: negative energy resistance 1, electricity resistance, unbreathing,
petrification resistance, miasma immunity, AC +4
a: no special abilities


You were on level 3 of the Dungeon.
You visited 1 branch of the dungeon, and saw 3 of its levels.

You collected 86 gold pieces.

Inventory:

Hand Weapons
 a - a +0 flail (weapon)
Armour
 b - a +0 scale mail (worn)
 c - a +0 kite shield (worn)
 k - a +0 helmet (worn)
 q - a +0 pair of gloves (worn)
Magical Staves
 o - an uncursed staff of cold
Scrolls
 e - a scroll of teleportation {unknown}
 g - a scroll of enchant armour {unknown}
 h - a scroll of amnesia {unknown}
 l - a scroll of magic mapping {unknown}
 n - 2 scrolls of identify {unknown}
 r - a scroll of remove curse {unknown}
Potions
 d - a potion of might
 f - a potion of lignification {unknown}
 i - 2 potions of haste {unknown}
 j - a potion of brilliance {unknown}
 m - a potion of resistance {unknown}
 p - a potion of experience {unknown}


   Skills:
 + Level 4.3 Fighting
 * Level 4.0 Maces & Flails
 + Level 4.3 Armour
 * Level 5.0 Shields


You had 5 spell levels left.
You didn't know any spells.
Your spell library was empty.

Dungeon Overview and Level Annotations

Branches:
Dungeon (3/15)

Altars:
Vehumet
Yredelemnul


Innate Abilities, Weirdness & Mutations

You are resistant to torment.
Your stone body is resilient. (AC +4)
You are immune to poison.
You resist negative energy. (rN+)
You are resistant to electric shocks. (rElec)
You can survive without breathing.
You are immune to petrification.
You are immune to miasma.


Message History

You hit the orc priest.
The orc priest is heavily wounded.
The orc priest mumbles some strange prayers to Beogh against you.
Beogh smites you!
* * * LOW HITPOINT WARNING * * *
A quokka comes into view.
You hit the orc priest.
The orc priest is almost dead.
You block the orc priest's attack. x2
Your scale mail prevents you from hitting the orc priest.
The orc priest is almost dead.
The quokka barely misses you.
The orc priest mumbles some strange prayers to Beogh against you.
Pain shoots through your body!
* * * LOW HITPOINT WARNING * * *
You closely miss the orc priest.
The orc priest is almost dead.
You block the quokka's attack.
The orc priest hits you with a cursed -1 hand axe.
You die...

.... ####.....
#........ #........
### ####........
##.###.........#
#######...)[....#....#
#....<)..or#.........#
#.######.@#####o..##.#
#.## #.<...##.o.#
#..#####.###.##...#
##.....#.# ###o##
#.###...) .. #.# ....
.. ... ##>####...##(.
... ##...####.##..####
#>.#..##.........# .#
#


You could see an orc priest and a quokka.

Vanquished Creatures
  Sigmund (D:2)
  An orc wizard (D:2)
  A worker ant (D:2)
  A gnoll (D:1)
  2 adders (D:2)
  An ooze (D:2)
  A worm (D:2)
  5 orcs
  A ball python (D:2)
  2 giant cockroaches (D:2)
  5 hobgoblins
  4 jackals (D:2)
  8 kobolds
  A quokka (D:3)
  5 bats
  4 frilled lizards
  7 goblins
  4 rats
54 creatures vanquished.

Notes
Turn   | Place    | Note
-------+----------+-------------------------------------------
     0 | D:1      | phalm the Gargoyle Fighter began the quest for the Orb.
     0 | D:1      | Reached XP level 1. HP: 14/14 MP: 1/1
   442 | D:1      | Reached XP level 2. HP: 15/19 MP: 2/2
   770 | D:1      | Reached XP level 3. HP: 21/23 MP: 3/3
  1170 | D:2      | Found a basalt altar of Yredelemnul.
  1172 | D:2      | Found a radiant altar of Vehumet.
  1295 | D:2      | Reached skill level 4 in Shields
  1295 | D:2      | Reached XP level 4. HP: 29/29 MP: 4/4
  1745 | D:2      | Found a faded altar of an unknown god.
  1756 | D:2      | Reached XP level 5. HP: 33/33 MP: 5/5
  1877 | D:2      | Noticed Sigmund
  1891 | D:2      | Killed Sigmund
  1892 | D:2      | Reached skill level 5 in Shields
  1892 | D:2      | Reached XP level 6. HP: 32/38 MP: 6/6
  2253 | D:3      | HP: 1/38 [orc priest/nerve-wracking pain (4)]
  2254 | D:3      | Slain by an orc priest

Illustrated notes

Levels and vault maps discovered:
D:1:      nagdon_arrival_double_spiral, layout_loops_corners
D:2:      layout_loops_ring, nicolae_overflow_hidden_temple,
          chequers_ecumenical_altar_grove, minmay_misc_feat_more_columns,
          uniq_sigmund
D:3:      layout_loops_ring, serial_bayou_ford_a,
          minmay_fractal_squares_diagonal_5

Skill      XL: |  1  2  3  4  5 |
---------------+----------------+-----
Shields        | 4 5 |  5.0
Maces & Flails | 3 4 |  4.0
Fighting       | 4 |  4.3
Armour         | 4 |  4.3

Action                   |  1- 3 |  4- 6 || total
-------------------------+-------+-------++-------
Melee: Flail             |    97 |   150 ||   247
Armor: Scale mail        |    59 |    81 ||   140
Dodge: Dodged            |    28 |    42 ||    70
Block: Kite shield       |    51 |    79 ||   130
